Map: [ESL] Oceanborn

Players

Creator

  • Race: Protoss Protoss
  • Spawn Location: 5:00

GuMiho - Winner!

  • Race: Terran Terran
  • Spawn Location: 11:00

Event: ESL SC2 Masters 2023 Winter (Finals)

VOD

Have the link to the VOD?

Description

Time

  • Played on: Dec. 16, 2023, 12:05 p.m.
  • Length: 19:33

All games in this series

Show
View Real Time Build Order
Export as new Build Order

Creator Protoss 

Build Orders: 1 Gate Expand, Phoenix Opening, Blink Stalkers 

Get SALT Encoding   

  12  0:00  Probe  
  13  0:12  Probe  
  14  0:17  Pylon  
  14  0:24  Probe (Chrono Boost)  
  15  0:36  Gateway, Probe (Chrono Boost)  
  16  0:43  Probe (Chrono Boost)  
  16  0:45  Assimilator  
  17  0:51  Probe  
  18  1:03  Probe  
  19  1:15  Probe  
  20  1:22  Nexus  
  20  1:30  Cybernetics Core  
  20  1:33  Probe  
  20  1:38  Assimilator  
  21  1:45  Probe  
  22  1:48  Pylon  
  22  1:57  Probe  
  23  2:03  Stalker (Chrono Boost)  
  23  2:07  Warp Gate  
  25  2:09  Probe  
  26  2:21  Probe  
  27  2:26  Sentry  
  29  2:34  Probe x2 (Chrono Boost)  
  31  2:41  Twilight Council  
  31  2:43  Probe x2 (Chrono Boost)  
  33  2:48  Probe x2 (Chrono Boost)  
  33  2:49  Stalker  
  37  2:58  Phoenix  
  37  3:00  Probe x2  
  39  3:09  Shield Battery  
  39  3:12  Probe x2  
  41  3:15  Blink (Chrono Boost)  
  41  3:17  Gateway  
  41  3:34  Probe (Chrono Boost)  
  41  3:38  Gateway  
  41  3:39  Probe (Chrono Boost)  
  41  3:44  Probe (Chrono Boost)  
  41  3:46  Pylon  
  41  3:47  Probe (Chrono Boost)  
  43  3:49  Probe (Chrono Boost)  
  43  3:51  Robotics Facility  
  44  3:58  Probe  
  44  4:00  Probe  
  46  4:07  Nexus  
  46  4:10  Probe  
  46  4:12  Probe  
  46  4:14  Pylon  
  46  4:16  Stalker  
  50  4:22  Probe  
  50  4:23  Dark Shrine  
  51  4:24  Assimilator  
  51  4:28  Assimilator  
  51  4:32  Shield Battery  
  51  4:33  Stalker  
  51  4:36  Probe  
  51  4:37  Probe  
  51  4:38  Phoenix  
  55  4:42  Warp Prism (Chrono Boost)  
  57  4:48  Probe  
  58  4:53  Stalker x2  
  58  4:59  Pylon  
  62  5:06  Pylon  
  62  5:09  Pylon  
  62  5:13  Shield Battery  
  62  5:17  Probe x2  
  62  5:22  Stalker x3  
  68  5:32  Immortal  
  68  5:45  Dark Templar x2  
  68  5:46  Dark Templar  
  68  5:48  Probe (Chrono Boost)  
  68  5:49  Probe (Chrono Boost)  
  67  5:52  Probe (Chrono Boost)  
  67  6:00  Probe (Chrono Boost)  
  67  6:01  Probe (Chrono Boost)  
  70  6:05  Probe (Chrono Boost)  
  70  6:07  Probe x2 (Chrono Boost)  
  70  6:11  Immortal  
  72  6:12  Probe  
  73  6:18  Sentry, Stalker  
  73  6:19  Adept  
  73  6:22  Probe  
  80  6:26  Probe (Chrono Boost)  
  81  6:34  Shield Battery, Probe (Chrono Boost)  
  81  6:35  Probe (Chrono Boost)  
  81  6:37  Gateway  
  81  6:38  Probe (Chrono Boost)  
  81  6:39  Charge  
  82  6:45  Probe (Chrono Boost)  
  82  6:46  Sentry, Zealot x2  
  89  6:47  Probe (Chrono Boost)  
  89  6:48  Probe (Chrono Boost)  
  89  6:52  Probe  
  92  6:54  Probe  
  92  6:57  Probe  
  94  7:01  Gateway  
  94  7:02  Pylon  
  94  7:04  Gateway  
  94  7:06  Observer  
  95  7:10  Stalker x2  
  95  7:12  Probe x2  
  95  7:15  Pylon  
  101  7:20  Probe  
  101  7:21  Zealot  
  104  7:25  Robotics Bay  
  104  7:29  Forge  
  102  7:31  Probe x2  
  102  7:32  Probe  
  105  7:38  Stalker x2  
  105  7:39  Stalker  
  111  7:46  Observer (Chrono Boost)  
  110  7:56  Assimilator  
  110  7:57  Assimilator  
  110  8:03  Pylon  
  110  8:11  Pylon x2  
  110  8:13  Pylon  
  110  8:14  Protoss Ground Weapons Level 1  
  100  8:38  Zealot x3  
  100  8:39  Probe x3  
  102  8:56  Pylon  
  101  9:06  Forge x2  
  101  9:07  Pylon  
  101  9:09  Robotics Facility  
  99  9:11  Probe x3  
  99  9:12  Robotics Facility, Zealot, Dark Templar x2  
  108  9:17  Archon  
  108  9:19  Photon Cannon  
  108  9:20  Nexus  
  108  9:22  Pylon  
  108  9:23  Probe x2  
  108  9:24  Probe  
  111  9:26  Photon Cannon  
  111  9:30  Pylon  
  111  9:37  Probe x3  
  112  9:42  Protoss Ground Armor Level 1  
  112  9:44  Sentry  
  112  9:45  Dark Templar x2  
  118  9:47  Stalker  
  118  9:48  Stalker  
  118  9:52  Stalker  
  122  10:03  Colossus (Chrono Boost)  
  124  10:10  Observer (Chrono Boost)  
  125  10:16  Stalker x2  
  129  10:21  Pylon  
  129  10:26  Disruptor (Chrono Boost)  
  132  10:32  Photon Cannon  
  120  10:41  Probe x3, Stalker  
  121  10:44  Zealot  
  121  10:45  Zealot  
  121  10:49  Observer (Chrono Boost)  
  124  10:55  Disruptor (Chrono Boost)  
  128  10:59  Disruptor (Chrono Boost)  
  128  11:00  Pylon  
  128  11:01  Probe  
  133  11:05  Zealot x2, Probe x2  
  139  11:13  Zealot x2, Probe  
  143  11:19  Disruptor (Chrono Boost)  
  140  11:28  Disruptor (Chrono Boost)  
  140  11:36  Protoss Ground Weapons Level 2 (Chrono Boost)  
  140  11:48  Pylon  
  140  11:52  Disruptor (Chrono Boost)  
  144  11:56  Probe x3  
  144  11:58  Nexus  
  144  11:59  Nexus  
  144  12:00  Disruptor (Chrono Boost)  
  147  12:02  Pylon  
  150  12:17  Disruptor (Chrono Boost)  
  154  12:25  Zealot x2  
  154  12:27  Photon Cannon  
  154  12:28  Photon Cannon, Stalker  
  160  12:30  Shield Battery  
  160  12:35  Sentry, Stalker  
  164  12:37  Gateway  
  164  12:40  Stalker  
  166  12:49  Observer  
  163  12:55  Stalker x3  
  168  12:59  Dark Templar x2  
  153  13:13  Dark Templar  
  153  13:14  Immortal (Chrono Boost)  
  147  13:22  Zealot  
  147  13:23  Zealot  
  149  13:30  Warp Prism (Chrono Boost)  
  149  13:33  Stalker  
  137  13:38  Dark Templar  
  137  13:39  Dark Templar  
  141  13:43  Archon  
  141  13:47  Zealot  
  143  13:50  Probe x4  
  147  13:56  Robotics Bay  
  147  14:01  Observer  
  148  14:03  Observer  
  148  14:04  Sentry, Stalker x2  
  155  14:11  Pylon  
  155  14:22  Stalker x2  
  155  14:23  Probe  
  155  14:24  Probe  
  156  14:34  Observer  
  147  14:42  Shield Battery  
  147  14:45  Disruptor x2 (Chrono Boost)  
  154  14:47  Stalker x3  
  154  14:48  Stalker x2  
  164  14:54  Photon Cannon  
  164  14:57  Stalker  
  162  15:12  Disruptor x2 (Chrono Boost)  
  168  15:20  Zealot x2  
  168  15:21  Zealot  
  174  15:22  Pylon  
  174  15:23  Observer  
  172  15:30  Stalker x4  
  180  15:41  Pylon  
  180  15:43  Disruptor x2 (Chrono Boost), Stalker x2  
  180  15:44  Observer, Stalker  
  180  15:46  Observer  
  194  15:58  Pylon  
  194  16:01  Photon Cannon, Protoss Ground Weapons Level 3 (Chrono Boost)  
  194  16:12  Nexus, Observer, Protoss Ground Armor Level 2 (Chrono Boost)  
  194  16:13  Pylon  
  191  16:33  Dark Templar  
  191  16:34  Dark Templar, Stalker  
  196  16:51  Dark Templar x2  
  197  16:59  Warp Prism  
  173  17:03  Dark Templar x3  
  173  17:04  Dark Templar, Zealot  
  173  17:06  Warp Prism  
  153  17:26  Stalker  
  153  17:27  Stalker x2  
  153  17:28  Disruptor  
  153  17:29  Gateway  
  155  17:31  Gateway  
  155  17:51  Archon  
  155  17:52  Dark Templar x4, Archon  
  155  17:53  Zealot x3  
  168  18:00  Nexus  
  168  18:01  Archon  
  150  18:14  Stalker x3  
  150  18:16  Probe x3  
  148  18:32  Dark Templar x2  
  135  19:01  Stalker x3  
  135  19:02  Stalker  
  137  19:05  Observer  
  137  19:06  Observer  
Show
View Real Time Build Order
Export as new Build Order

GuMiho Terran - Winner!

Build Orders:  

Get SALT Encoding   

  12  0:00  SCV  
  13  0:12  SCV  
  14  0:17  Supply Depot  
  14  0:24  SCV  
  15  0:38  SCV  
  15  0:40  Barracks  
  16  0:50  SCV  
  17  1:02  SCV  
  18  1:04  Refinery  
  18  1:14  SCV  
  19  1:27  Orbital Command, Marine  
  20  1:35  Command Center  
  20  1:42  Supply Depot  
  20  1:46  Barracks Tech Lab  
  20  1:52  SCV  
  21  1:57  Refinery  
  21  2:04  Marauder, SCV  
  21  2:06  Concussive Shells  
  24  2:16  SCV  
  25  2:26  Marauder  
  25  2:27  Barracks  
  25  2:29  SCV  
  28  2:37  Factory  
  28  2:41  SCV  
  29  2:48  Orbital Command  
  30  2:53  SCV  
  30  3:01  Barracks Reactor  
  30  3:05  SCV  
  31  3:13  SCV  
  31  3:18  SCV  
  33  3:20  Cyclone  
  33  3:26  SCV  
  36  3:30  SCV  
  37  3:34  Marine  
  37  3:35  Stimpack  
  37  3:38  Marine, SCV  
  37  3:39  Marine, Starport  
  41  3:42  Supply Depot, SCV  
  42  3:50  SCV  
  42  3:52  Supply Depot  
  42  3:53  Factory Reactor  
  42  3:54  Marine, SCV  
  45  4:02  SCV, Engineering Bay  
  46  4:06  SCV  
  47  4:10  Supply Depot  
  47  4:12  Marauder, Marine x2  
  47  4:14  SCV  
  47  4:17  Medivac  
  54  4:18  SCV  
  54  4:21  Supply Depot  
  55  4:27  SCV  
  55  4:29  Missile Turret  
  55  4:30  SCV  
  57  4:31  Terran Infantry Weapons Level 1, Supply Depot  
  57  4:33  Widow Mine  
  57  4:36  Widow Mine  
  61  4:39  Marauder  
  61  4:40  SCV  
  61  4:42  SCV  
  61  4:43  Marine  
  61  4:44  Marine  
  67  4:52  SCV, Refinery  
  66  4:54  SCV, Medivac  
  66  4:57  Barracks  
  69  5:01  Marauder  
  69  5:04  Marine x2, SCV  
  69  5:06  SCV  
  75  5:11  Refinery  
  75  5:13  Supply Depot  
  74  5:21  Combat Shield  
  74  5:23  SCV x2  
  76  5:33  Factory Reactor  
  76  5:34  Command Center  
  76  5:35  SCV  
  76  5:42  Marauder, Marine x2  
  77  5:45  Missile Turret  
  77  5:46  SCV  
  77  5:47  SCV  
  79  5:51  Marine  
  80  5:58  Barracks  
  80  5:59  Barracks, Marine  
  80  6:00  Marine  
  80  6:03  Marine  
  79  6:08  SCV x2  
  75  6:17  Command Center, Widow Mine x2  
  79  6:19  Marine  
  79  6:20  Marine, SCV x2  
  83  6:29  Supply Depot  
  83  6:32  SCV x2  
  83  6:34  Terran Infantry Armor Level 1  
  83  6:36  Medivac  
  85  6:43  Medivac  
  85  6:44  SCV x2  
  85  6:46  Barracks Tech Lab  
  89  6:47  Barracks Tech Lab  
  89  6:56  Armory, Marine  
  89  6:57  Marine, Supply Depot  
  89  6:59  Marine  
  92  7:03  Marauder  
  92  7:04  Marine  
  95  7:10  Marauder x2  
  95  7:13  Factory Reactor  
  99  7:16  SCV x2  
  99  7:20  Supply Depot  
  101  7:25  Supply Depot, Marauder  
  101  7:27  Marine x2  
  101  7:28  SCV x2, Marine  
  101  7:29  Marine  
  109  7:31  Marine  
  109  7:32  Marauder  
  109  7:46  Marauder  
  109  7:49  Marauder  
  109  7:51  Medivac  
  115  7:54  Marine x2, Marauder  
  119  7:59  Medivac  
  119  8:01  SCV x2  
  119  8:08  Marauder  
  119  8:10  Marine x2, Ghost Academy  
  119  8:11  Marauder  
  123  8:14  SCV x2  
  123  8:15  Marauder  
  123  8:17  Widow Mine x2  
  131  8:22  Marine  
  131  8:23  Marine  
  133  8:29  Marauder  
  133  8:32  Marauder  
  137  8:38  Marauder, Marine x2  
  137  8:40  Marine x2  
  132  8:41  Widow Mine  
  132  8:42  Widow Mine  
  132  8:44  SCV x2  
  135  8:51  Marauder  
  133  8:56  Marine x2  
  133  8:58  Marine  
  133  8:59  Marine  
  133  9:01  Medivac x2  
  123  9:03  Widow Mine x2  
  123  9:08  SCV x2  
  129  9:14  Ghost x2  
  129  9:15  Ghost  
  129  9:16  Terran Infantry Weapons Level 2  
  130  9:20  SCV x2  
  130  9:22  Marine x3  
  135  9:26  Orbital Command  
  135  9:32  Widow Mine, SCV x2  
  135  9:33  Widow Mine  
  141  9:38  Supply Depot  
  141  9:40  Supply Depot  
  141  9:41  Medivac x2  
  145  9:51  Command Center  
  145  9:54  Widow Mine x2  
  149  10:04  Ghost x2  
  149  10:05  Marine x5  
  156  10:19  SCV x2  
  156  10:22  Barracks x2, Marine  
  156  10:23  Barracks, Ghost, Marine x3  
  156  10:27  SCV  
  162  10:31  SCV  
  162  10:33  Marauder x2  
  157  10:40  Marine x2  
  157  10:41  Marine x2  
  157  10:44  Missile Turret, SCV  
  157  10:47  SCV x2  
  157  10:52  Marauder  
  157  10:54  Marine x2  
  157  10:57  SCV  
  162  10:58  Marine x2  
  162  10:59  Missile Turret, SCV  
  165  11:06  Viking  
  167  11:12  Marauder  
  167  11:21  Marauder  
  161  11:27  Viking  
  161  11:29  SCV x3  
  161  11:30  Planetary Fortress  
  166  11:33  Sensor Tower  
  166  11:35  Terran Infantry Weapons Level 3  
  166  11:36  Viking  
  166  11:38  Barracks Tech Lab x2  
  166  11:39  Barracks Tech Lab  
  168  11:43  Marine x2  
  168  11:44  Marine  
  168  11:46  SCV x2  
  171  11:57  Bunker  
  171  11:58  Missile Turret, Marauder x2  
  171  12:00  Marauder  
  177  12:03  Widow Mine  
  177  12:08  Refinery  
  179  12:09  Refinery  
  179  12:17  Supply Depot  
  179  12:19  Supply Depot  
  179  12:20  Supply Depot  
  179  12:23  Terran Ship Weapons Level 1  
  179  12:29  Starport  
  180  12:30  SCV  
  180  12:31  SCV  
  180  12:38  SCV, Medivac x2  
  180  12:41  Marauder x4  
  180  12:42  Marauder  
  197  12:44  Marauder  
  197  12:46  SCV x2  
  197  12:50  SCV  
  198  12:54  Command Center  
  174  13:25  Marine  
  174  13:26  Marauder, Marine  
  160  13:31  Medivac x2  
  160  13:33  Medivac x2  
  148  13:36  Marauder x3, Marine x3  
  148  13:38  Marauder  
  158  13:43  Marine x2  
  158  13:47  Marine  
  161  13:51  Widow Mine  
  161  13:54  Marauder, Marine x2  
  167  13:57  Marauder x2  
  167  13:58  Marauder  
  167  13:59  Marine  
  167  14:01  Marine x2  
  175  14:05  Marauder  
  177  14:11  Liberator x2, Marine  
  177  14:12  Marine  
  177  14:13  Liberator x2  
  177  14:16  Marauder  
  193  14:17  Marauder  
  193  14:19  Marine, Marauder x2  
  200  14:28  Terran Infantry Armor Level 2, Missile Turret  
  199  14:43  Fusion Core  
  199  14:44  Planetary Fortress  
  198  15:09  Liberator  
  198  15:10  Liberator x2  
  199  15:19  Liberator  
  200  15:22  Command Center  
  200  15:23  Command Center  
  200  15:25  Command Center  
  188  15:29  Marauder x2, Marine x2  
  188  15:32  Marine  
  188  15:33  Marauder  
  191  15:36  Terran Ship Weapons Level 2  
  191  15:42  Advanced Ballistics  
  187  15:52  Liberator x2  
  187  15:55  Refinery  
  187  15:56  Refinery  
  193  15:58  Sensor Tower  
  193  16:00  Marauder x3, Marine  
  193  16:02  Missile Turret  
  200  16:08  Refinery  
  200  16:09  Refinery  
  200  16:15  Command Center  
  198  16:44  Ghost  
  197  16:52  Orbital Command x2  
  197  16:54  Caduceus Reactor  
  197  16:58  Ghost, Marine  
  197  16:59  Medivac, Marine x4  
  197  17:00  Liberator, Marauder, Marine x2  
  197  17:01  Liberator x2  
  157  17:13  Marine  
  157  17:14  Orbital Command  
  147  17:16  Marine x4  
  147  17:17  Marauder  
  147  17:18  Marauder  
  147  17:19  Marauder  
  147  17:21  Marine  
  141  17:27  Marine  
  141  17:29  Liberator  
  142  17:31  Orbital Command, Marauder  
  142  17:34  Marine x4  
  146  17:38  Marauder  
  146  17:40  Marauder x3  
  146  17:43  Liberator x3  
  160  17:45  Marauder  
  160  17:52  Marine x4  
  160  17:53  Marauder  
  161  18:00  Marine, Marauder  
  161  18:01  Marauder, Marine  
  150  18:06  Marauder  
  150  18:10  Marine x4  
  150  18:12  Liberator  
  153  18:14  Marauder  
  153  18:19  Marauder x2  
  153  18:21  Marine  
  153  18:22  Marine  
  148  18:27  Marine x2  
  148  18:28  Marine x2  
  149  18:36  Liberator, Marauder  
  149  18:39  Marauder  
  155  18:43  Marauder  
Tags
 
Add a new tag
Caveats
  • Supply blocks, unpowered buildings, or Contaminate may cause inaccurate times.
  • Supply counts are checked every 10 seconds.